 Dungeon Crawl Stone Soup version 0.30-a0-715-gdb4ae3ece1 (webtiles) character file.

Game seed: 11818510596362243711

1806 Shayle the Trooper (level 8, 0/62 HPs)
             Began as a Demonspawn Reaver on Jan 21, 2023.
             Slain by an orc warrior
             ... wielding a +0 hand axe
              (10 damage)
             ... on level 7 of the Dungeon on Jan 24, 2023.
             The game lasted 00:16:24 (4591 turns).

Shayle the Trooper (Demonspawn Reaver)              Turns: 4591, Time: 00:16:25

Health: 0/62       AC:  8    Str: 13    XL:     8   Next: 84%
Magic:  11/11      EV: 17    Int: 16    God:
Gold:   318        SH:  4    Dex: 12    Spells: 6/11 levels left

rFire   . . .      SeeInvis .    a - +0 spear (elec)
rCold   . . .      Faith    .    (no shield)
rNeg    . . .      Spirit   .    h - +0 ring mail
rPois   .          Reflect  .    A - +1 hat
rElec   .          Harm     .    f - +0 cloak
rCorr   .          Rampage  .    w - +0 pair of gloves
Will    .....                    (no boots)
Stlth   +                        j - amulet of regeneration
HPRegen 1.10/turn                n - +5 ring of evasion
MPRegen 0.12/turn                (no ring)

@: slowed, very slow
A: hooves 1, large bone plates 1, powered by death 2
a: no special abilities


You were on level 7 of the Dungeon.
You visited 1 branch of the dungeon, and saw 8 of its levels.

You collected 318 gold pieces.

Inventory:

Hand Weapons
 a - a +0 spear of electrocution (weapon)
Missiles
 i - 5 javelins
 t - 2 throwing nets
Armour
 b - a +0 leather armour
 f - a +0 cloak (worn)
 h - a +0 ring mail (worn)
 l - a +0 helmet
 w - a +0 pair of gloves (worn)
 x - a +2 robe of willpower
 A - a +1 hat (worn)
Jewellery
 j - an amulet of regeneration (around neck)
 n - a +5 ring of evasion (left hand)
Wands
 s - a wand of flame (41)
 y - a wand of iceblast (8)
Scrolls
 c - 2 scrolls of blinking
 d - a scroll of enchant armour {unknown}
 e - 3 scrolls of immolation
 q - 3 scrolls of noise
 r - a scroll of enchant weapon
 v - a scroll of teleportation
Potions
 g - a potion of curing
 k - 2 potions of brilliance
 m - a potion of might
 o - a potion of resistance {unknown}
 p - a potion of haste
 u - 2 potions of berserk rage
 z - a potion of cancellation {unknown}


   Skills:
 + Level 5.2 Fighting
 + Level 5.1 Polearms
 + Level 4.8 Dodging
 - Level 2.0 Spellcasting
 + Level 5.1 Conjurations
 + Level 4.6 Hexes
 + Level 3.5 Ice Magic


You had 6 spell levels left.
You knew the following spells:

 Your Spells              Type           Power      Damage    Failure   Level
a - Kiss of Death         Conj/Necr      36%        2d8       16%         1
b - Necrotise             Necr           4%         1d4       41%         1
c - Hailstorm             Conj/Ice       15%        3d5       22%         3

Your spell library contained the following spells:

 Spells                   Type           Power      Damage    Failure   Level
 Momentum Strike          Conj/Tloc      18%        3d8       24%         2
 Cigotuvi's Dreadful Rot  Necr/Pois/Air  2%         N/A       56%         2
 Vampiric Draining        Necr           1%         2d6       80%         3
 Dispel Undead            Necr           1%         3d6       99%         4
 Agony                    Necr           1%         N/A       100%        5
 Death Channel            Necr           0%         N/A       100%        6


Dungeon Overview and Level Annotations

Branches:
Dungeon (8/15)
 Temple: D:4-7         Lair: D:8-11

Altars:
Lugonu

Shops:
D:3 (   D:5 =

Portals:
Abyss: D:3

Annotations:
D:3 2 runed translucent doors
D:5 Menkaure, Sigmund
D:7 2 transporters, zombieshoju's ghost, novice DsIE


Innate Abilities, Weirdness & Mutations

You have large cloven feet.
You are partially covered in large bone plates. (SH +4)
You regenerate health from kills.


Message History

The orc warrior attacks as you move away!
The orc warrior misses you.
You feel very sick.
Things that are here:
a +3 dagger; a +0 robe; an orc corpse You closely miss the orc warrior.
The orc warrior is almost dead.
You feel sick.
The orc warrior hits you with a +0 hand axe.
You closely miss the orc warrior.
You kick the orc warrior, but do no damage.
The orc warrior is almost dead.
You feel sick. The orc warrior completely misses you.
The orc warrior hits you but does no damage.
You hit the orc warrior but do no damage.
The orc warrior is almost dead.
You feel sick. The orc warrior misses you.
You barely miss the orc warrior.
You kick the orc warrior, but do no damage.
The orc warrior is almost dead.
You feel sick.
The orc priest calls upon Beogh to heal the orc warrior.
The orc warrior hits you with a +0 hand axe!
* * * LOW HITPOINT WARNING * * *
You hit the orc warrior but do no damage.
You kick the orc warrior, but do no damage.
The orc warrior is almost dead.
You feel sick.
The orc warrior hits you with a +0 hand axe!
* * * LOW HITPOINT WARNING * * *
You feel better. The orc warrior misses you.
A kobold comes into view. It is wielding a +0 club.
The orc warrior hits you with a +0 hand axe!
* * * LOW HITPOINT WARNING * * *
The kobold moves out of view.
You hit the orc warrior but do no damage.
You kick the orc warrior, but do no damage.
The orc warrior is almost dead.
The orc warrior hits you with a +0 hand axe!
You die...

#......## ..
#..>....# .###.
#.......## #K... #
#..######...# ..
##...##....# #..#
###oK....# ..
#.K...####### #.
#o###.......###.
###@###.#####.....##
###.......# #...#
###.....##### #..#
#....#### #####...
##..### ### ...#....
#####..## #..
#...... #......#
##.. # ##.....
#......# #.. ...
#..... #......#
#.##....#. ##....


You could see an orc warrior, a kobold brigand, an orc priest and a kobold.

Vanquished Creatures
  Pikel (D:5)
  Duvessa (D:5)
  3 sky beasts
  A black bear (D:5)
  A centaur (D:6)
  An ogre (D:4)
  Blork the orc (D:6)
  A kobold brigand (D:5)
  A gnoll sergeant (D:6)
  A necrophage (D:6)
  Dowan (D:5)
  A hound (D:3)
  2 iguanas (D:5)
  An orc wizard (D:7)
  Robin (D:2)
  10 adders
  12 gnolls
  A shadow imp (D:8)
  An ufetubus (D:7)
  2 worms
  A dart slug (D:2)
  7 orcs
  3 ball pythons
  6 bats
  9 endoplasms
  3 giant cockroaches
  15 goblins
  9 hobgoblins
  3 jackals (D:3)
  8 kobolds
  3 quokkas
  12 rats
123 creatures vanquished.

Vanquished Creatures (others)
  16 plants (D:5)
16 creatures vanquished.

Grand Total: 139 creatures vanquished

Notes
Turn   | Place    | Note
-------+----------+-------------------------------------------
     0 | D:1      | Shayle the Demonspawn Reaver began the quest for the Orb.
     0 | D:1      | Reached XP level 1. HP: 16/16 MP: 3/3
     0 | D:1      | Upgraded the game from 0.30-a0-696-g2367cd04db to
                  | 0.30-a0-715-gdb4ae3ece1
   278 | D:1      | Gained mutation: You regenerate a little health from kills.
                  | [demonic ancestry]
   278 | D:1      | Reached XP level 2. HP: 2/20 MP: 3/5
   552 | D:1      | Reached skill level 1 in Hexes
   555 | D:1      | Learned a level 1 spell: Necrotise
   934 | D:2      | Reached XP level 3. HP: 28/28 MP: 6/6
  1576 | D:3      | Gained mutation: You have large cloven feet. [demonic
                  | ancestry]
  1576 | D:3      | Reached XP level 4. HP: 34/34 MP: 7/7
  1739 | D:3      | Found Mewey's Antique Weapon Emporium.
  1841 | D:3      | Found a large runed translucent door.
  1845 | D:3      | Found a large runed translucent door.
  1845 | D:3      | Found a corrupted altar of Lugonu.
  1973 | D:3      | Noticed Robin
  2010 | D:2      | Killed Robin
  2011 | D:2      | Reached XP level 5. HP: 38/41 MP: 8/8
  2184 | D:3      | Found a one-way gate to the infinite horrors of the Abyss.
  2376 | D:3      | Learned a level 3 spell: Hailstorm
  3005 | D:4      | Noticed an ogre
  3016 | D:4      | Killed an ogre
  3017 | D:4      | Reached skill level 1 in Ice Magic
  3017 | D:4      | Gained mutation: You regenerate health from kills. [demonic
                  | ancestry]
  3017 | D:4      | Reached XP level 6. HP: 46/47 MP: 7/9
  3214 | D:5      | Entered Level 5 of the Dungeon
  3342 | D:5      | Noticed Sigmund
  3404 | D:5      | Found Roijuwk's Jewellery Shoppe.
  3426 | D:5      | Noticed Pikel
  3455 | D:5      | Killed Pikel
  3456 | D:5      | Reached XP level 7. HP: 50/54 MP: 10/10
  3510 | D:5      | Noticed Dowan
  3512 | D:5      | Noticed Duvessa
  3574 | D:5      | Killed Duvessa
  3580 | D:5      | Killed Dowan
  3592 | D:5      | Gained mutation: You are partially covered in large bone
                  | plates. (SH +4) [demonic ancestry]
  3592 | D:5      | Reached XP level 8. HP: 43/61 MP: 11/11
  3912 | D:5      | Noticed Menkaure
  4047 | D:6      | Noticed Blork the orc
  4070 | D:6      | Killed Blork the orc
  4212 | D:6      | Reached skill level 5 in Fighting
  4227 | D:6      | You fall into a shaft and drop 2 floors!
  4421 | D:7      | Reached skill level 5 in Polearms
  4421 | D:7      | Reached skill level 5 in Conjurations
  4426 | D:7      | Found a transporter.
  4454 | D:7      | Noticed zombieshoju's ghost (novice DsIE)
  4465 | D:7      | Noticed a moth of wrath
  4473 | D:7      | Found a transporter.
  4591 | D:7      | Slain by an orc warrior

Illustrated notes

Levels and vault maps discovered:
D:1:      eino_arrival_water_star, layout_loops_ring, minivault_14,
          minmay_pentomino_t4
D:2:      layout_basic, serial_bayou_pond_d
D:3:      due_chaos_kobolds, layout_basic, serial_shops, shop, uniq_robin
D:4:      layout_loops_cross
D:5:      layout_gridville, serial_shops, shop, gup_sewer_entry_glass,
          minmay_misc_feat_four_crosses, lexackson_kobold_supper, uniq_sigmund,
          uniq_menkaure, uniq_pikel, uniq_duvessa
D:6:      layout_basic, minmay_temple_entry_offerings, bh_walls_and_bars,
          uniq_crazy_yiuf_cottage, uniq_blork_the_orc, uniq_prince_ribbit1
D:7:      layout_rooms, minitemple, gammafunk_ghost_berserking_beasts,
          dk_noncrumbling_4, chequers_serial_rivers_micro_c
D:8:      layout_basic, dpeg_oklobed_lair

Skill      XL: |  1  2  3  4  5  6  7  8 |
---------------+-------------------------+-----
Dodging        | 2 3 4 |  4.8
Hexes          | 1 2 3 4 |  4.6
Polearms       | 3 4 5 |  5.1
Fighting       | 3 4 5 |  5.2
Ice Magic      | 1 2 3 |  3.5
Conjurations   | 4 5 |  5.1
Spellcasting   | |  2.0

Action                     |  1- 3 |  4- 6 |  7- 9 || total
---------------------------+-------+-------+-------++-------
  Melee: Spear             |   180 |   173 |   250 ||   603
         Kick              |       |    36 |    76 ||   112
         Punch             |       |     1 |     5 ||     6
   Cast: Kiss of Death     |     1 |       |       ||     1
         Necrotise         |       |     1 |       ||     1
  Evoke: Wand              |       |       |     3 ||     3
    Use: Potion            |     1 |       |     6 ||     7
         Scroll            |     3 |     6 |     4 ||    13
   Stab: Sleeping          |     1 |       |       ||     1
 Armour: Leather armour    |    17 |       |       ||    17
         Ring mail         |    54 |    43 |    64 ||   161
  Dodge: Dodged            |    94 |   107 |   131 ||   332
  Block: Other             |       |       |    36 ||    36

Table legend: (Time is in decaauts)
 A = Elapsed time spent in this place.
 B = Non-inter-level travel time spent in this place.
 C = Inter-level travel time spent in this place.
 D = Time resting spent in this place.
 E = Time spent auto-exploring this place.
 F = Levels seen in this place.
 G = Mean time per level.
                   A        B        C        D        E       F      G
               +--------+--------+--------+--------+--------+-----+--------+
         Total |   4542 |   4438 |    104 |    290 |   2223 |   8 |  567.8 |
       Dungeon |   4542 |   4438 |    104 |    290 |   2223 |   8 |  567.8 |
               +--------+--------+--------+--------+--------+-----+--------+

Top non-repeatable levels by time:
     D:3: 998 daAuts
     D:1: 800 daAuts
     D:2: 738 daAuts
     D:5: 708 daAuts
     D:4: 663 daAuts
     D:7: 292 daAuts
     D:6: 277 daAuts
     D:8: 63 daAuts
